 Dungeon Crawl Stone Soup version 0.27-a0-1065-ge809cff456 (webtiles) character file.

Game seed: 14717224055398474511

47 Mgcat the Magician (level 3, -3/27 HPs)
             Began as a Djinni Conjurer on Apr 22, 2021.
             Hit by a boomerang thrown by an orc (4 damage)
             ... on level 4 of the Dungeon.
             The game lasted 00:02:19 (1442 turns).

Mgcat the Magician (Djinni Conjurer)                Turns: 1442, Time: 00:02:20

Health: -3/27      AC:  3    Str:  6    XL:     3   Next: 70%
Gold:   44         EV: 12    Int: 20    God:
                   SH:  0    Dex: 11

rFire    + + .     SeeInvis .   i - +0 hunting sling
rCold    x . .     Faith    .   (no shield)
rNeg     . . .     Spirit   .   a - +0 robe
rPois    ∞         Reflect  .   b - +1 hat
rElec    .         Harm     .   (no cloak)
rCorr    .         Rampage  .   (no gloves)
Will     .....                  (boots unavailable)
Stlth    ++........             (no amulet)
HPRegen  0.09/turn              (no ring)
MPRegen  0.00/turn              (no ring)

@: flying
A: fire resistance 2, cold vulnerability 1, float, innate caster, hp casting,
extra vitality 1
a: no special abilities


You were on level 4 of the Dungeon.
You visited 1 branch of the dungeon, and saw 3 of its levels.

You collected 44 gold pieces.

Inventory:

Hand Weapons
 d - a +0 whip
   (You took it off a kobold on level 1 of the Dungeon)
 i - a +0 hunting sling (weapon)
   (You found it on level 1 of the Dungeon)
Missiles
 j - 21 sling bullets (quivered ammo)
Armour
 a - a +0 robe (worn)
 b - a +1 hat (worn)
   (You found it on level 1 of the Dungeon)
Scrolls
 c - a scroll of fear {unknown}
 g - 2 scrolls of identify {unknown}
 h - a scroll of silence {unknown}
Potions
 e - a potion of lignification {unknown}
 f - a potion of mutation {unknown}


   Skills:
 + Level 1.0 Fighting
 - Level 2.1 Dodging
 - Level 1.5 Stealth
 + Level 4.5 Spellcasting


You couldn't memorise any spells.
You knew the following spells:

 Your Spells              Type           Power      Damage    Failure   Level
a - Magic Dart            Conj           88%        1d7       1%          1
b - Searing Ray           Conj           44%        3d4       3%          2
c - Dazzling Flash        Conj/Hex       44%        N/A       6%          3
d - Fulminant Prism       Conj/Hex       11%        3d9       19%         4
e - Iskenderun's Mystic   Conj/Tloc      22%        2d6       19%         4
f - Sting                 Tmut/Pois      88%        1d7       1%          1
Your spell library was empty.

Dungeon Overview and Level Annotations

Branches:
Dungeon (2/15)

Altars:


Innate Abilities, Weirdness & Mutations

You are immune to poison.
Your flesh is very heat resistant. (rF++)
You are vulnerable to cold. (rC-)
You float through the air rather than walking.
You learn spells naturally, not from books.
Your magical power is your life essence.
You have superior vitality. (+4 HP)


Message History

Press: ? - help, Shift-Dir - straight line, f - adder
Aim: an adder (100% to hit)
The magic dart hits the adder.
The adder is heavily wounded.
You take 1 damage, and have 21/26 hp.
Casting: Magic Dart (safe; 1% risk of failure)
Confirm with . or Enter, or press ? or * to list all spells.
Aiming: Magic Dart (safe; 1% risk of failure)
Press: ? - help, Shift-Dir - straight line, f/p - adder
Aim: an adder (heavily wounded, 100% to hit)
The magic dart hits the adder!
You kill the adder!
Your Fighting skill increases to level 1!
There is an open door here.
Things that are here:
a frilled lizard corpse; a bat corpse You are sucked into a shaft and drop 2 floors!
The shaft crumbles and collapses.
A hobgoblin comes into view.
The hobgoblin shouts!
An orc comes into view. It is wielding a +0 club.
The orc shouts!
You hear a shout! x2
An orc comes into view. It is wielding a +0 trident.
An orc comes into view. It is wielding a +0 dagger.
The orc misses you. The orc barely misses you.
An orc comes into view. It is wielding a +0 dagger.
You see here 7 gold pieces.
The orc throws a boomerang.
The boomerang hits you.
You take 5 damage, and have 18/27 hp.
The hobgoblin hits you. The orc misses you.
You take 4 damage, and have 14/27 hp.
The orc shouts!
An adder comes into view.
Found a stone staircase leading down.
The hobgoblin hits you.
You take 5 damage, and have 10/27 hp.
Found a scroll labelled GAEFUMNA PONAF.
Found a stone staircase leading down.
A hobgoblin comes into view.
The hobgoblin barely misses you.
Really attack while wielding your +0 hunting sling? [Y]es or [N]o only, please.
Really attack while wielding your +0 hunting sling? [Y]es or [N]o only, please.
Really attack while wielding your +0 hunting sling? [Y]es or [N]o only, please.
Really attack while wielding your +0 hunting sling?
Okay, then.
Unknown command.
The adder bites you but does no damage. The adder closely misses you.
The hobgoblin misses you.
Unknown command.
Unknown command.
The orc barely misses you. The adder bites you.
You take 1 damage, and have 9/27 hp.
Unknown command.
The adder closely misses you. The adder closely misses you.
The hobgoblin hits you.
* * * LOW HITPOINT WARNING * * *
You take 5 damage, and have 4/27 hp.
The hobgoblin misses you.
An iguana comes into view.
The iguana hisses angrily.
An adder comes into view.
A goblin comes into view. It is wielding a +0 dagger.
The iguana hisses menacingly.
The goblin shouts!
You hear a bark!
The goblin unwields a +0 dagger.
The goblin wields a +0 hunting sling.
The goblin shoots a stone.
The stone hits you.
* * * LOW HITPOINT WARNING * * *
The adder hisses angrily.
You take 4 damage, and have 2/27 hp.
Really attack while wielding your +0 hunting sling? [Y]es or [N]o only, please.
Really attack while wielding your +0 hunting sling?
Okay, then.
The iguana bites you but does no damage.
Unknown command.
The goblin shoots a stone.
The stone hits you but does no damage.
A water moccasin comes into view.
The adder bites you.
* * * LOW HITPOINT WARNING * * *
You take 1 damage, and have 1/27 hp.
Spoiler Alert: The water moccasin (wandering) is fast!
Unknown command.
Lua error: [string "/dgldir/rcfiles/crawl-git/Mgcat.rc"]:930: invalid capture index Unknown command.
Lua error: [string "/dgldir/rcfiles/crawl-git/Mgcat.rc"]:930: invalid capture index Unknown command.
Lua error: [string "/dgldir/rcfiles/crawl-git/Mgcat.rc"]:930: invalid capture index The water moccasin hisses angrily.
The goblin shoots a stone.
The stone closely misses you.
Spoiler Alert: The water moccasin is fast!
Unknown command.
Unknown command.
Unknown command.
The adder bites you but does no damage.
An endoplasm comes into view.
The orc throws a boomerang.
The boomerang hits you.
You die...

. ... ......# .. #. #.#
.....# ... #.##.#
##....#.... ####....#
#####..........
#.......###.gS..#g.....#
#.........og#####lg....#
#.....#..o.####....S...#
#.......##.###.S#o.......
#..........o..@.........#
#..?..#J....##.......?).#
#######......#.##.......)
..........##.##.......#
##.......o.............
####.###>...########.
#..##o.#.#
##########.#o.##..#
#............o.# #


You could see a water moccasin, an iguana, an adder, 2 orcs, an endoplasm
(wandering), a hobgoblin and a goblin.

Vanquished Creatures
  An adder (D:2)
  A dart slug (D:1)
  4 ball pythons
  2 bats
  2 endoplasms (D:1)
  2 giant cockroaches
  2 hobgoblins (D:1)
  4 jackals (D:1)
  3 kobolds
  A quokka (D:1)
  6 frilled lizards
  3 goblins
  4 rats (D:1)
35 creatures vanquished.

Notes
Turn   | Place    | Note
-------+----------+-------------------------------------------
     0 | D:1      | Mgcat the Djinni Conjurer began the quest for the Orb.
     0 | D:1      | Reached XP level 1. HP: 15/15 MP: 0/0
   206 | D:1      | Reached XP level 2. HP: 14/21 MP: 0/0
   208 | D:1      | Reached skill level 4 in Spellcasting
   212 | D:1      | HP: 5/21 [goblin/+0 club (2)]
   612 | D:1      | Found a faded altar of an unknown god.
   823 | D:1      | Reached XP level 3. HP: 20/25 MP: 0/0
   823 | D:1      | Learned a level 1 spell: Sting
  1381 | D:2      | Reached skill level 1 in Fighting
  1397 | D:2      | You are sucked into a shaft and drop 2 floors!
  1422 | D:4      | HP: 4/27 [hobgoblin (5)]
  1436 | D:4      | HP: 2/27 [goblin/stone (4)]
  1438 | D:4      | Noticed a water moccasin
  1442 | D:4      | Hit by a boomerang thrown by an orc

Illustrated notes

Levels and vault maps discovered:
D:1:      co_arrival_square_in_a_square_in_a_square, layout_rooms,
          hellmonk_ecumenical_altar_run_dry, roderic_roman_lattice,
          minmay_box_of_dots
D:2:      layout_basic
D:4:      layout_rooms, bloody_makhleb, gammafunk_temple_overflow_wave

Skill      XL: |  1  2  3 |
---------------+----------+-----
Spellcasting   | 4 |  4.5
Fighting       | 1 |  1.0
Dodging        | |  2.1
Stealth        | |  1.5

Action                   || total
-------------------------++-------
 Fire: Hunting sling     ||     1
 Cast: Magic Dart        ||    67
Armor: Robe              ||     8
Dodge: Dodged            ||    19

Table legend: (Time is in decaauts)
 A = Elapsed time spent in this place.
 B = Non-inter-level travel time spent in this place.
 C = Inter-level travel time spent in this place.
 D = Time resting spent in this place.
 E = Time spent auto-exploring this place.
 F = Levels seen in this place.
 G = Mean time per level.
                   A        B        C        D        E       F      G
               +--------+--------+--------+--------+--------+-----+--------+
         Total |   1440 |   1401 |     39 |    532 |    689 |   3 |  480.0 |
       Dungeon |   1440 |   1401 |     39 |    532 |    689 |   3 |  480.0 |
               +--------+--------+--------+--------+--------+-----+--------+

Top non-repeatable levels by time:
     D:1: 1244 daAuts
     D:2: 152 daAuts
     D:4: 44 daAuts

Table legend:
 A = Kills in this place as a percentage of kills in entire the game.
 B = Kills by you in this place as a percentage of kills by you in the entire game.
 C = Kills by friends in this place as a percentage of kills by friends in the entire game.
 D = Other kills in this place as a percentage of other kills in the entire game.
 E = Experience gained in this place as a percentage of experience gained in the entire game.
 F = Experience gained in this place divided by the number of levels of this place that you have seen.
                   A       B       C       D       E      F
               +-------+-------+-------+-------+-------+----------------------
         Total | 100.0 | 100.0 |   N/A |   N/A | 100.0 |  22.7
       Dungeon | 100.0 | 100.0 |   N/A |   N/A | 100.0 |  22.7
               +-------+-------+-------+-------+-------+----------------------
